 Dungeon Crawl Stone Soup version 0.23.2-1-ga50397a (webtiles) character file.

Game seed: 4199352044680608030

212 xveg the Sneak (level 6, 0/46 HPs)
             Began as a Human Assassin on May 7, 2019.
             Slain by a fire bat (6 damage)
             ... on level 3 of the Dungeon.
             The game lasted 00:08:32 (3056 turns).

xveg the Sneak (Human Assassin)                     Turns: 3056, Time: 00:08:33

Health: 0/46       AC:  3    Str: 11    XL:     6   Next: 14%
Magic:  6/6        EV: 13    Int: 12    God:
Gold:   92         SH:  5    Dex: 16    Spells: 5/5 levels left

rFire    . . .     SeeInvis .   a - +2 dagger
rCold    . . .     Gourm    .   (no shield)
rNeg     . . .     Faith    .   c - +0 robe
rPois    .         Spirit   .   (no helmet)
rElec    .         Reflect  +   d - +0 cloak
rCorr    .         Harm     .   (no gloves)
MR       .....                  (no boots)
Stlth    +++.......             p - +5 amulet of reflection
HPRegen  0.15/turn              (no ring)
MPRegen  0.10/turn              (no ring)

@: no status effects
A: no striking features
a: no special abilities


You were on level 3 of the Dungeon.
You were not hungry.

You visited 1 branch of the dungeon, and saw 3 of its levels.

You collected 92 gold pieces.

Inventory:

Hand Weapons
 a - a +2 dagger (weapon)
 b - a +0 blowgun
Missiles
 e - 6 poisoned needles
 f - 2 curare-tipped needles
Armour
 c - a +0 robe (worn)
 d - a +0 cloak (worn)
Magical Staves
 r - an uncursed staff of death
Jewellery
 p - a +5 amulet of reflection (around neck)
Scrolls
 i - 2 scrolls of amnesia {unknown}
 l - 2 scrolls of identify
 m - 3 scrolls of remove curse {unknown}
 n - a scroll of fog {unknown}
 q - a scroll of teleportation {unknown}
 s - a scroll of fear {unknown}
 t - 2 scrolls of enchant weapon {unknown}
Potions
 h - 2 potions of haste {unknown}
 j - a potion of brilliance {unknown}
 o - a potion of resistance {unknown}
Comestibles
 g - 3 rations


   Skills:
 + Level 2.9 Fighting
 + Level 3.5 Short Blades
 + Level 2.7 Throwing
 + Level 2.3 Dodging
 + Level 5.0 Stealth


You had 5 spell levels left.
You didn't know any spells.
Your spell library was empty.

Dungeon Overview and Level Annotations

Branches:
Dungeon (3/15)

Altars:
Zin
The Shining One


Message History

The skeletal bat misses you. The fire bat bites you.
* * * LOW HITPOINT WARNING * * *
You are engulfed in flames.
* * * LOW HITPOINT WARNING * * *
The skeletal bat barely misses you.
The skeletal bat hits you but does no damage. 2 spectral things come into view.
The fire bat misses you. The skeletal bat barely misses you.
The ghost-faced bat barely misses you.
You closely miss the skeletal bat.
The skeletal bat is moderately damaged.
The skeletal bat hits you.
* * * LOW HITPOINT WARNING * * *
The ghost-faced bat closely misses you. The skeletal bat barely misses you.
You block the ghost-faced bat's attack. You block the skeletal bat's attack.
The ghost-faced bat barely misses you.
You hit the skeletal bat.
You destroy the skeletal bat!
The fire bat bites you.
You die...

........#
#...##
#.##
........#
#.##†#
...#
........#
#.
#.####...#
.##....##
#.
##.##...#
.##....# #
#..#..#
###....#
##.(.#
###### ###
##(###
#...##(##
#.ZZ@##
#...b##
##... ##(.
###


You could see 2 ghost-faced bats and a fire bat.

Vanquished Creatures
  A vampire bat (D:3)
  An adder (D:2)
  An ooze (D:1)
  4 worms
  3 dart slugs
  2 fire bats (D:3)
  3 leopard geckos
  An orc (D:3)
  3 bat skeletons (D:3)
  4 giant cockroaches
  9 goblins
  10 hobgoblins
  3 jackals (D:2)
  13 kobolds
  A ball python (D:2)
  13 bats
  5 frilled lizards
  6 rats
  A plant (D:1)
84 creatures vanquished.

Notes
Turn   | Place    | Note
-------+----------+-------------------------------------------
     0 | D:1      | xveg the Human Assassin began the quest for the Orb.
     0 | D:1      | Reached XP level 1. HP: 16/16 MP: 1/1
    63 | D:1      | Reached XP level 2. HP: 19/22 MP: 2/2
   460 | D:1      | Found a glowing silver altar of Zin.
   543 | D:1      | Reached XP level 3. HP: 24/27 MP: 3/3
   881 | D:1      | Found a glowing golden altar of the Shining One.
  1610 | D:2      | Reached XP level 4. HP: 33/34 MP: 4/4
  1911 | D:2      | HP: 1/34 [kobold/stone (3)]
  2491 | D:3      | Found a glowing silver altar of Zin.
  2587 | D:3      | Reached skill level 5 in Stealth
  2630 | D:3      | Reached XP level 5. HP: 15/39 MP: 5/5
  3029 | D:3      | HP: 2/40 [vampire bat (3)]
  3045 | D:3      | Reached XP level 6. HP: 8/46 MP: 6/6
  3056 | D:3      | Slain by a fire bat

Skill      XL: |  1  2  3  4  5 |
---------------+----------------+-----
Short Blades   | 3 |  3.5
Stealth        | 5 |  5.0
Dodging        | 2 |  2.3
Fighting       | |  2.9
Throwing       | |  2.7

Action                   |  1- 3 |  4- 6 || total
-------------------------+-------+-------++-------
Melee: Dagger            |   213 |   189 ||   402
 Fire: Blowgun           |       |    27 ||    27
  Use: Scroll            |       |     2 ||     2
       Potion            |       |     4 ||     4
 Stab: Sleeping          |     8 |     2 ||    10
  Eat: Chunk             |     1 |     1 ||     2
       Ration            |     1 |     1 ||     2
Armor: Robe              |    16 |   100 ||   116
Dodge: Dodged            |    58 |   194 ||   252
Block: Other             |       |    52 ||    52
       Reflection        |       |     1 ||     1
